 Dungeon Crawl Stone Soup version 0.27-b1-16-g6517624069 (webtiles) character file.

Game seed: 8751626544275109192

90 pikapanic the Chopper (level 4, -2/37 HPs)
             Began as a Demigod Fighter on July 26, 2021.
             Slain by a kobold (3 damage)
             ... on level 2 of the Dungeon.
             The game lasted 00:03:54 (2008 turns).

pikapanic the Chopper (Demigod Fighter)             Turns: 2008, Time: 00:03:55

Health: -2/37      AC:  7    Str: 21    XL:     4   Next: 11%
Magic:  6/6        EV:  7    Int: 10    God:
Gold:   70         SH:  9    Dex: 13    Spells: 3/3 levels left

rFire    . . .     SeeInvis .   a - +0 war axe
rCold    . . .     Faith    .   c - +0 kite shield
rNeg     . . .     Spirit   .   b - +0 scale mail
rPois    .         Reflect  .   (no helmet)
rElec    .         Harm     .   (no cloak)
rCorr    .         Rampage  .   k - +0 pair of gloves
Will     .....                  (no boots)
Stlth    ..........             (no amulet)
HPRegen  0.12/turn              (no ring)
MPRegen  0.10/turn              (no ring)

@: no status effects
A: high mp 1, forlorn
a: no special abilities


You were on level 2 of the Dungeon.
You visited 1 branch of the dungeon, and saw 2 of its levels.

You collected 70 gold pieces.

Inventory:

Hand Weapons
 a - a +0 war axe (weapon)
Armour
 b - a +0 scale mail (worn)
 c - a +0 kite shield (worn)
 k - a +0 pair of gloves (worn)
Magical Staves
 e - a staff of air
Potions
 d - a potion of might
 f - a potion of flight {unknown}
 g - a potion of mutation {unknown}
 h - a potion of berserk rage {unknown}
 i - a potion of haste {unknown}
 j - a potion of cancellation {unknown}
 l - a potion of brilliance {unknown}


   Skills:
 - Level 2.8 Fighting
 + Level 3.7 Axes
 - Level 2.9 Armour
 - Level 3.0 Shields


You had 3 spell levels left.
You didn't know any spells.
Your spell library was empty.

Dungeon Overview and Level Annotations

Branches:
Dungeon (2/15)


Innate Abilities, Weirdness & Mutations

Your attributes grow dramatically as you level up.
You have an increased reservoir of magic. (+10% MP)
You shall have no god before yourself.


Message History

You have reached level 4!
You feel sick.
You start putting on your armour.
You continue putting on your +0 pair of gloves.
You feel sick.
You continue putting on your +0 pair of gloves.
You feel sick.
You continue putting on your +0 pair of gloves.
You feel sick.
You are no longer poisoned.
You continue putting on your +0 pair of gloves.
You finish putting on your +0 pair of gloves.
l - a lumpy emerald potion A hobgoblin comes into view.
The hobgoblin shouts!
You hear a shout!
A hobgoblin is nearby!
The hobgoblin hits you but does no damage.
You slash the hobgoblin!
You kill the hobgoblin!
A kobold comes into view.
It is wielding a +0 dagger of electrocution.
You see here a hobgoblin corpse.
A kobold is nearby!
The kobold hits you with a +0 dagger of electrocution.
You barely miss the kobold.
The kobold hits you with a +0 dagger of electrocution.
You barely miss the kobold. The kobold barely misses you.
The kobold hits you but does no damage.
You closely miss the kobold. You block the kobold's attack.
Your shield prevents you from hitting the kobold.
You block the kobold's attack.
The kobold hits you with a +0 dagger of electrocution.
You are electrocuted!
You miss the kobold. The kobold hits you but does no damage.
You are electrocuted!
* * * LOW HITPOINT WARNING * * *
The kobold closely misses you.
You barely miss the kobold. You block the kobold's attack.
You barely miss the kobold. The kobold hits you but does no damage.
The kobold hits you with a +0 dagger of electrocution.
You die...

............########..###
..........#..# ##...#
..........##..# ####.#
#........## ..### #....#
........####..... #.####
....##.......###.###.#
........###..# #.....#
..... ... #...###K#..#
.... .#....#...@...## ..
#....†##### .........#
###....#.# #.##. .. #. ##
#.. # ... .... .....


You could see a kobold.

Vanquished Creatures
  Jessica (D:2)
  2 adders (D:2)
  A worm (D:2)
  A dart slug (D:2)
  8 endoplasms
  2 giant cockroaches
  2 goblins (D:2)
  4 hobgoblins
  2 jackals (D:1)
  A quokka (D:2)
  3 ball pythons
  6 bats
  A frilled lizard (D:1)
  2 kobolds (D:1)
  2 rats (D:1)
38 creatures vanquished.

Notes
Turn   | Place    | Note
-------+----------+-------------------------------------------
     0 | D:1      | pikapanic the Demigod Fighter began the quest for the Orb.
     0 | D:1      | Reached XP level 1. HP: 18/18 MP: 3/3
   564 | D:1      | Reached XP level 2. HP: 25/25 MP: 4/4
  1014 | D:2      | Reached XP level 3. HP: 30/30 MP: 5/5
  1320 | D:2      | Noticed Jessica
  1332 | D:2      | Killed Jessica
  1869 | D:2      | Reached XP level 4. HP: 30/37 MP: 6/6
  2006 | D:2      | HP: 1/37 [kobold (17)]
  2008 | D:2      | Slain by a kobold

Illustrated notes

Levels and vault maps discovered:
D:1:      shiori_arrival_maze, layout_rooms,
          shapermc_ecumenical_altar_mp_ritualfount
D:2:      layout_rooms, corexii_item_surrounded_by_moat,
          chequers_serial_rivers_room_b, uniq_jessica

Skill      XL: |  1  2  3 |
---------------+----------+-----
Axes           | 2 3 |  3.7
Shields        | 3 |  3.0
Fighting       | |  2.8
Armour         | |  2.9

Action                   |  1- 3 |  4- 6 || total
-------------------------+-------+-------++-------
Melee: War axe           |    91 |     8 ||    99
  Use: Scroll            |     2 |       ||     2
Armor: Scale mail        |    63 |     4 ||    67
Dodge: Dodged            |    33 |     2 ||    35
Block: Kite shield       |    61 |     3 ||    64
